 Dungeon Crawl Stone Soup version 0.29-a0-43-g62a80824bf (webtiles) character file.

Game seed: 9151991626268160655

626 HallandMoats the Skirmisher (level 7, -25/48 HPs)
             Began as an Octopode Fighter on Feb 3, 2022.
             Was an Initiate of Yredelemnul.
             Annihilated by an ogre (33 damage)
             ... on level 5 of the Dungeon.
             The game lasted 00:05:22 (4500 turns).

HallandMoats the Skirmisher (Octopode Fighter)      Turns: 4500, Time: 00:05:22

Health: -25/48     AC:  1    Str: 17    XL:     7   Next: 47%
Magic:  18/18      EV: 13    Int: 10    God:    Yredelemnul [......]
Gold:   194        SH:  8    Dex: 12    Spells: 9/9 levels left

rFire   . . .      SeeInvis +   a - +1 trident
rCold   . . .      Faith    .   d - +3 buckler "Vegesm" {rPois MP+9 SInv Stlth+}
rNeg    . . .      Spirit   .   (helmet restricted)
rPois   +          Reflect  .   (no amulet)
rElec   .          Harm     .   (no ring)
rCorr   .          Rampage  .   (no ring)
Will    .....                   (no ring)
Stlth   ++++......              (no ring)
HPRegen 0.16/turn               (no ring)
MPRegen 0.16/turn               (no ring)
                                (no ring)
                                (no ring)

@: no status effects
A: almost no armour, amphibious, 8 rings, camouflage 1, gelatinous body 1,
(nimble swimmer 1), tentacles
a: Renounce Religion, Recall Undead Harvest


You were on level 5 of the Dungeon.
You worshipped Yredelemnul.
Yredelemnul was noncommittal.
You visited 1 branch of the dungeon, and saw 5 of its levels.

You collected 194 gold pieces.

Inventory:

Hand Weapons
 a - a +1 trident (weapon)
Armour
 d - the +3 buckler "Vegesm" (worn) {rPois MP+9 SInv Stlth+}
   (You acquired it on level 3 of the Dungeon)

   rPois:     It protects you from poison.
   MP:        It affects your magic capacity (+9).
   SInv:      It lets you see invisible.
   Stlth:     It makes you more stealthy.
Wands
 r - a wand of flame (11)
Scrolls
 f - a scroll of teleportation
 h - 4 scrolls of identify
 l - a scroll of fear
Potions
 b - a potion of heal wounds
 c - a potion of might
 q - a potion of mutation {unknown}


   Skills:
 * Level 4.2 Fighting
 * Level 3.6 Polearms
 + Level 3.5 Dodging
 + Level 2.9 Stealth
 + Level 3.8 Shields
 + Level 1.7 Spellcasting
 + Level 1.8 Transmutations
 + Level 2.1 Earth Magic
 * Level 3.2 Invocations


You had 9 spell levels left.
You didn't know any spells.
Your spell library contained the following spells:

 Spells                   Type           Power      Damage    Failure   Level
 Animate Skeleton         Necr           0%         N/A       38%         1
 Pain                     Necr           0%         1d4       38%         1
 Static Discharge         Conj/Air       0%         N/A       52%         2
 Vampiric Draining        Necr           0%         2d6       77%         3
 Dispel Undead            Necr           0%         3d6       99%         4
 Sticky Flame             Conj/Fire      0%         2d3       99%         4


Dungeon Overview and Level Annotations

Branches:
Dungeon (5/15)
 Temple: D:4-7

Altars:
Elyvilon
Fedhas
Wu Jian
Xom
Yredelemnul
Zin


Innate Abilities, Weirdness & Mutations

You cannot wear most types of armour.
You are amphibious.
You can wear up to eight rings at the same time.
Your skin changes colour to match your surroundings (Stealth+).
Your rubbery body absorbs attacks. (AC +1, EV +1)
((You are camouflaged when in or above water. (Stealth+)))
You have tentacles for arms and can constrict up to eight enemies at once.


Message History

Gang up on whom?
Press: ? - help, Dir - move target, f - ogre
Aim: an ogre, wielding a +0 giant club (ally target) Attack!
Your orc zombie hits the ogre.
Reach: a) +1 trident
Press: ? - help, Dir - move target, f/p - ogre
Aim: an ogre, wielding a +0 giant club (lightly wounded, ally target, about 25% to evade your +1 trident)
You reach to attack!
You hit the ogre.
The ogre is lightly wounded.
The ogre barely misses your orc zombie.
Your orc zombie hits the ogre but does no damage.
Reach: a) +1 trident
Press: ? - help, Dir - move target, f/p - ogre
Aim: an ogre, wielding a +0 giant club (lightly wounded, ally target, about 25% to evade your +1 trident)
You could not reach far enough!
Your orc priest zombie hits the ogre.
The ogre completely misses your orc zombie.
Your orc zombie closely misses the ogre.
Reach: a) +1 trident
Press: ? - help, Dir - move target, f/p - ogre
Aim: an ogre, wielding a +0 giant club (lightly wounded, ally target, about 25% to evade your +1 trident)
You reach to attack!
You puncture the ogre!
The ogre is heavily wounded.
Your orc priest zombie hits the ogre.
The ogre hits your orc zombie with a +0 giant club!
Your orc zombie is destroyed!
Reach: a) +1 trident
Press: ? - help, Dir - move target, f/p - ogre
Aim: an ogre, wielding a +0 giant club (heavily wounded, ally target, about 25% to evade your +1 trident)
You reach to attack!
You hit the ogre.
The ogre is severely wounded.
Your orc priest zombie hits the ogre.
Reach: a) +1 trident
Press: ? - help, Dir - move target, f/p - ogre
Aim: an ogre, wielding a +0 giant club (severely wounded, ally target, about 25% to evade your +1 trident)
You hit the ogre.
The ogre is almost dead.
The ogre hits you with a +0 giant club!!
Ouch! That really hurt!
You die...
Your body rises from the dead as a mindless zombie.

#....$....#
#.#.).....#..
#.#.O<.......
#.#.Z........
#.#)#.#.#....
#.#.#...# ...
#.#.....#.#...
###.####.>......
#..@OZ)...#.##..
#...(######.#
#....# # #....#
#....# ######


You could see an ogre (ally target) and a friendly orc priest zombie.

Vanquished Creatures
  A phantom (D:4)
  A bullfrog (D:4)
  A scorpion (D:4)
  A hound (D:4)
  2 orc priests
  An iguana (D:4)
  2 orc wizards (D:3)
  A gnoll (D:1)
  7 adders
  A worm (D:2)
  11 orcs
  4 bats
  5 endoplasms
  A giant cockroach (D:2)
  9 hobgoblins
  3 jackals (D:2)
  7 kobolds
  2 quokkas
  3 ball pythons
  5 frilled lizards
  5 goblins
  A quokka skeleton (D:4)
  8 rats
82 creatures vanquished.

Vanquished Creatures (collateral kills)
  A water moccasin (D:4)
  3 orcs
  An endoplasm (D:3)
  A hobgoblin (D:4)
  2 butterflies (D:3)
8 creatures vanquished.

Vanquished Creatures (others)
  A goblin zombie (D:3)
  4 orc zombies
  A spectral endoplasm (D:4)
6 creatures vanquished.

Grand Total: 96 creatures vanquished

Notes
Turn   | Place    | Note
-------+----------+-------------------------------------------
     0 | D:1      | HallandMoats the Octopode Fighter began the quest for the
                  | Orb.
     0 | D:1      | Reached XP level 1. HP: 16/16 MP: 1/1
   360 | D:1      | Reached XP level 2. HP: 13/21 MP: 2/2
   703 | D:1      | Reached skill level 1 in Invocations
   735 | D:1      | Reached XP level 3. HP: 22/26 MP: 3/3
  1226 | D:2      | Reached skill level 1 in Stealth
  1323 | D:2      | Reached XP level 4. HP: 25/31 MP: 3/5
  1498 | D:2      | Found a faded altar of an unknown god.
  1505 | D:2      | Reached skill level 1 in Earth Magic
  1507 | D:2      | Prayed at the altar of an unknown god.
  1507 | D:2      | Became a worshipper of Yredelemnul the Dark
  1507 | D:2      | Reached * piety under Yredelemnul
  2479 | D:3      | Found a blossoming altar of Fedhas.
  2479 | D:3      | Found a white marble altar of Elyvilon.
  2487 | D:3      | Found a faded altar of an unknown god.
  2489 | D:3      | Found a faded altar of an unknown god.
  2491 | D:3      | Found an ornate altar of the Wu Jian Council.
  2549 | D:3      | Found a glowing silver altar of Zin.
  2586 | D:3      | Found a shimmering altar of Xom.
  2593 | D:3      | Reached skill level 1 in Transmutations
  2593 | D:3      | Reached XP level 5. HP: 24/36 MP: 6/6
  2696 | D:3      | Identified a scroll of acquirement
  2696 | D:3      | Acquired the +3 buckler "Vegesm" {rPois MP+9 SInv Stlth+}
  2868 | D:4      | Reached skill level 1 in Spellcasting
  2931 | D:4      | Noticed a phantom
  2943 | D:4      | Killed a phantom
  2944 | D:4      | Reached XP level 6. HP: 3/43 MP: 7/7
  3488 | D:4      | Reached skill level 4 in Fighting
  3543 | D:4      | Noticed a water moccasin
  3550 | D:4      | Killed a water moccasin
  3551 | D:4      | Reached ** piety under Yredelemnul
  3551 | D:4      | Reached XP level 7. HP: 39/48 MP: 9/9
  4278 | D:5      | Entered Level 5 of the Dungeon
  4500 | D:5      | Annihilated by an ogre

Illustrated notes

Levels and vault maps discovered:
D:1:      dpeg_arrival_ratfight, layout_basic, minmay_tetromino_s2
D:2:      layout_rooms, hellmonk_ecumenical_altar_run_dry, chequers_mini_garden,
          minivault_24
D:3:      layout_loops_ring, xom_butterflies, zin_scriptorium,
          chequers_temple_overflow_minitemple
D:4:      layout_loops_ring, st_stairs_7, chequers_serial_rivers_large_b,
          kennysheep_generic_room_13
D:5:      minmay_bubble_buster, layout_basic, nicolae_overflow_squiral,
          kennysheep_generic_room_5, uniq_ijyb

Skill      XL: |  1  2  3  4  5  6 |
---------------+-------------------+-----
Invocations    | 1 2 3 |  3.2
Stealth        | 1 2 |  2.9
Earth Magic    | 1 2 |  2.1
Transmutations | 1 |  1.8
Polearms       | 3 |  3.6
Spellcasting   | 1 |  1.7
Fighting       | 4 |  4.2
Dodging        | |  3.5
Shields        | |  3.8

Action                   |  1- 3 |  4- 6 |  7- 9 || total
-------------------------+-------+-------+-------++-------
Melee: Trident           |    62 |   104 |    33 ||   199
       Constrict         |    13 |    13 |     5 ||    31
       Tentacles         |    16 |    10 |     7 ||    33
       Punch             |     3 |       |       ||     3
  Use: Scroll            |       |     7 |     1 ||     8
       Potion            |       |     6 |       ||     6
 Stab: Sleeping          |     7 |     9 |     4 ||    20
Armor: Skin              |       |     8 |     1 ||     9
Dodge: Dodged            |    17 |    25 |    17 ||    59
Block: Buckler           |     6 |    13 |     5 ||    24

Table legend: (Time is in decaauts)
 A = Elapsed time spent in this place.
 B = Non-inter-level travel time spent in this place.
 C = Inter-level travel time spent in this place.
 D = Time resting spent in this place.
 E = Time spent auto-exploring this place.
 F = Levels seen in this place.
 G = Mean time per level.
                   A        B        C        D        E       F      G
               +--------+--------+--------+--------+--------+-----+--------+
         Total |   4522 |   4431 |     91 |    676 |   3164 |   5 |  904.4 |
       Dungeon |   4522 |   4431 |     91 |    676 |   3164 |   5 |  904.4 |
               +--------+--------+--------+--------+--------+-----+--------+

Top non-repeatable levels by time:
     D:4: 1690 daAuts
     D:1: 1216 daAuts
     D:3: 1006 daAuts
     D:2: 567 daAuts
     D:5: 41 daAuts
